 Dungeon Crawl Stone Soup version 0.30-a0-585-g93115170b9 (webtiles) character file.

Game seed: 16922140227212887734

1 Angani the Conjurer (level 1, -1/17 HPs)
             Began as a Draconian Reaver on Jan 3, 2023.
             Killed from afar by Sigmund (9 damage)
             ... with a puff of flame
             ... on level 2 of the Dungeon.
             The game lasted 00:00:40 (124 turns).

Angani the Conjurer (Draconian Reaver)               Turns: 124, Time: 00:00:40

Health: -1/17      AC:  4    Str: 14    XL:     1   Next: 16%
Magic:  3/3        EV: 12    Int: 13    God:
Gold:   18         SH:  0    Dex:  9    Spells: 3/4 levels left

rFire   . . .      SeeInvis .    a - +0 short sword
rCold   . . .      Faith    .    (no shield)
rNeg    . . .      Spirit   .    (body armour unavailable)
rPois   .          Reflect  .    (helmet restricted)
rElec   .          Harm     .    (no cloak)
rCorr   .          Rampage  .    (no gloves)
Will    .....                    (no boots)
Stlth   +                        (no amulet)
HPRegen 0.22/turn                (no ring)
MPRegen 0.08/turn                (no ring)

@: no status effects
A: AC +4, unfitting armour, cold-blooded
a: no special abilities


You were on level 2 of the Dungeon.
You visited 1 branch of the dungeon, and saw 2 of its levels.

You collected 18 gold pieces.

Inventory:

Hand Weapons
 a - a +0 short sword (weapon)
Scrolls
 b - a scroll of noise
 c - a scroll of brand weapon {unknown}


   Skills:
 + Level 2.2 Fighting
 + Level 3.0 Short Blades
 - Level 1.7 Dodging
 - Level 2.0 Spellcasting
 - Level 3.0 Conjurations


You had 3 spell levels left.
You knew the following spells:

 Your Spells              Type           Power      Damage    Failure   Level
a - Kiss of Death         Conj/Necr      20%        2d7       14%         1

Your spell library contained the following spells:

 Spells                   Type           Power      Damage    Failure   Level
 Momentum Strike          Conj/Tloc      10%        3d8       21%         2
 Hailstorm                Conj/Ice       5%         3d4       38%         3


Dungeon Overview and Level Annotations

Branches:
Dungeon (1/15)

Altars:

Annotations:
D:2 Sigmund


Innate Abilities, Weirdness & Mutations

Your plain brown scales are hard. (AC +4)
You cannot fit into any form of body armour.
You are cold-blooded and may be slowed by cold attacks.


Message History

Sigmund the Dreaded comes into view.
He is wielding a +0 scythe.
Sigmund shouts!
Sigmund casts a spell at you.
You are confused.
You aren't carrying any potions.
You are too confused!
You bump into the rock wall.
Sigmund gestures at you while chanting. The magic dart hits you.
Sigmund hits you but does no damage.
You're too confused to move!
You're too confused to move!
Sigmund casts a spell at you. The puff of flame hits you!
Ouch! That really hurt!
You bump into the rock wall.
You feel less confused. Sigmund misses you.
Sigmund laughs darkly.
As you read the scroll labelled MAJOIPP JULLO, it crumbles to dust.
You hear a loud clanging noise!
It was a scroll of noise.
Sigmund says, "Look into my eyes."
Sigmund barely misses you.
As you read the scroll labelled SUIPNELAIJ, it crumbles to dust.
It is a scroll of amnesia.
Really abort (and waste the scroll)? [Y]es or [N]o only, please.
Really abort (and waste the scroll)?
Okay, then.
Casting: Kiss of Death (safe; 14% risk of failure)
Confirm with . or Enter, or press ? or * to list all spells.
You can't see any susceptible monsters within range! (Use Z to cast anyway.)
Casting: Kiss of Death (safe; 14% risk of failure)
Confirm with . or Enter, or press ? or * to list all spells.
You don't know that spell.
Sigmund points at you and mumbles some strange words.
The puff of flame hits you!
Ouch! That really hurt!
You die...

.. # . # .# # .##
# # ..### ### #.
##... +.. #.#..#
### #..@# ###@#
#.# #.# #+# #.#
#.# #.# ###.######
#.# #........# #.#
##....###.#
#.#####......##.#
#.......#...###.##


You could see Sigmund.

Vanquished Creatures
  A quokka (D:2)
1 creature vanquished.

Notes
Turn   | Place    | Note
-------+----------+-------------------------------------------
     0 | D:1      | Angani the Draconian Reaver began the quest for the Orb.
     0 | D:1      | Reached XP level 1. HP: 17/17 MP: 3/3
     2 | D:1      | You fall into a shaft and drop 1 floor!
   113 | D:2      | Noticed Sigmund
   124 | D:2      | Killed from afar by Sigmund

Illustrated notes

Levels and vault maps discovered:
D:1:      noname_arrival_rooms_in_the_neighbourhood, layout_loops_ring
D:2:      layout_loops_corners, hellmonk_ecumenical_altar_heavens_door,
          basic_altar, amethyst_killhole, uniq_sigmund, uniq_robin

Action                   || total
-------------------------++-------
Melee: Short sword       ||     6
       Punch             ||     1
  Use: Scroll            ||     2
Armor: Skin              ||     4
Dodge: Dodged            ||     4

Table legend: (Time is in decaauts)
 A = Elapsed time spent in this place.
 B = Non-inter-level travel time spent in this place.
 C = Inter-level travel time spent in this place.
 D = Time resting spent in this place.
 E = Time spent auto-exploring this place.
 F = Levels seen in this place.
 G = Mean time per level.
                   A        B        C        D        E       F      G
               +--------+--------+--------+--------+--------+-----+--------+
         Total |    122 |    122 |      0 |      0 |     99 |   2 |   61.0 |
       Dungeon |    122 |    122 |      0 |      0 |     99 |   2 |   61.0 |
               +--------+--------+--------+--------+--------+-----+--------+

Top non-repeatable levels by time:
     D:2: 120 daAuts
     D:1: 2 daAuts
